 Dungeon Crawl Stone Soup version 0.30.1 (webtiles) character file.

Game seed: 350617421375701952

68600 GimliDwarf the Prestidigitator (level 15, -14/119 HPs)
             Began as a Gnoll Wanderer on July 10, 2023.
             Was a High Priest of Vehumet.
             Engulfed by a hell hog's steam (18 damage)
             ... in a volcano.
             The game lasted 01:40:06 (25519 turns).

GimliDwarf the Prestidigitator (Gnoll Wanderer)    Turns: 25519, Time: 01:40:06

Health: -14/119    AC: 11    Str:  9    XL:     15   Next: 27%
Magic:  43/48      EV: 17    Int: 21    God:    Vehumet [*****.]
Gold:   1617       SH:  0    Dex: 14    Spells: 1/36 levels left

rFire   . . .        J - +5 arbalest (freeze)
rCold   + . .        (shield currently unavailable)
rNeg    . . .        u - +2 robe of Vaf Afeh {MP+9}
rPois   .            i - +0 helmet
rElec   .            K - scarf {+Inv}
rCorr   .            b - +2 pair of gloves
SInv    .            B - +0 pair of boots "Nutot" {Fly}
Will    +....        v - amulet of magic regeneration
Stlth   +++++        C - ring of the Rose {MP+9 Stlth+}
HPRegen 0.39/turn    N - ring of wizardry
MPRegen 0.71/turn

%: clarity, wizardry (x1)
@: flying
A: fangs 1, strong nose, distributed training, clarity, clever 1, cold
resistance 1, subdued magic 1
a: Renounce Religion, Evoke Invisibility


You were in a volcano.
You worshipped Vehumet.
Vehumet was extremely pleased with you.
You visited 4 branches of the dungeon, and saw 19 of its levels.
You also visited: Sewer, Ossuary and Volcano.

You collected 2184 gold pieces.
You spent 567 gold pieces at shops.

Inventory:

Hand Weapons
 A - a +2 quarterstaff of chaos
 I - a +7 heavy falchion
 J - a +5 arbalest of freezing (weapon)
 V - the +16 obsidian axe {drain, demonic, Mesm Drain Fly SInv}
   (You found it on level 9 of the Dungeon)

   Mesm:      Its wielder is mesmerised by any visible foes, and it cannot be
   unequipped while any foes are visible.
   SInv:      It lets you see invisible.
   Fly:       It grants you flight.
   Drain:     It drains your maximum health when unequipped.
Armour
 b - a +2 pair of gloves (worn)
 f - the +0 pair of boots of Complete Protection {rC++}
   (You found it on level 10 of the Dungeon)

   rC:        It greatly protects you from cold.
 i - a +0 helmet (worn)
 u - the +2 robe of Vaf Afeh (worn) {MP+9}
   (You found it on level 4 of the Dungeon)

   MP:        It affects your magic capacity (+9).
 B - the +0 pair of boots "Nutot" (worn) {Fly}
   (You found it on level 4 of the Lair of Beasts)

   Fly:       It grants you flight.
 K - a scarf of invisibility (worn)
 L - a +1 pair of boots
Jewellery
 a - a +5 ring of evasion
 h - a +6 ring of dexterity
 v - an amulet of magic regeneration (around neck)
 C - the ring of the Rose (left hand) {MP+9 Stlth+}
   (You bought it in a shop on level 1 of the Dungeon)

   [ring of magical power]

   MP:        It affects your magic capacity (+9).
   Stlth:     It makes you more stealthy.
 N - a ring of wizardry (right hand)
Wands
 e - a wand of flame (37)
 n - a wand of light (17)
 r - a wand of digging (8)
 E - a wand of roots (3)
 G - a wand of paralysis (22)
 S - a wand of mindburst (5)
Scrolls
 c - 10 scrolls of teleportation
 x - 4 scrolls of magic mapping
 H - 2 scrolls of poison
 R - 3 scrolls of summoning
 T - 2 scrolls of blinking
 U - 2 scrolls of fog
 W - a scroll of silence
Potions
 d - 4 potions of lignification
 j - 4 potions of might
 l - 4 potions of cancellation
 m - 4 potions of berserk rage
 o - 5 potions of curing
 p - 8 potions of haste
 q - 2 potions of resistance
 s - 3 potions of heal wounds
 t - a potion of magic
 z - a potion of flight {unknown}
 D - 5 potions of mutation
 O - 2 potions of ambrosia
 Q - a potion of brilliance


   Skills:
 + Level 11.3 Fighting
 + Level 10.3 Short Blades
 + Level 10.3 Long Blades
 + Level 10.3 Axes
 + Level 10.3 Maces & Flails
 + Level 10.3 Polearms
 + Level 10.3 Staves
 + Level 10.3 Ranged Weapons
 + Level 10.3 Throwing
 + Level 10.3 Armour
 + Level 11.3 Dodging
 + Level 10.3 Stealth
 + Level 10.3 Shields
 + Level 10.3 Unarmed Combat
 + Level 11.4 Spellcasting
 + Level 8.6 Conjurations
 + Level 8.6 Hexes
 + Level 8.6 Summonings
 + Level 8.6 Necromancy
 + Level 8.6 Translocations
 + Level 8.6 Transmutations
 + Level 8.6 Fire Magic
 + Level 8.6 Ice Magic
 + Level 8.6 Air Magic
 + Level 8.6 Earth Magic
 + Level 8.6 Poison Magic
 + Level 11.2 Invocations
 + Level 13.2 Evocations


You had one spell level left.
You knew the following spells:

 Your Spells              Type           Power      Damage    Failure   Level
a - Irradiate             Conj/Tmut      18%        3d17      1%          5
b - Scorch                Fire           74%        2d8       1%          2
c - Call Canine Familiar  Summ           37%        N/A       1%          3
d - Ignite Poison         Fire/Tmut/Pois 37%        N/A       1%          3
e - Summon Guardian Gole  Hex/Summ       37%        N/A       1%          3
f - Freezing Cloud        Conj/Ice/Air   18%        6-21      1%          5
g - Sticky Flame          Conj/Fire      37%        2d6       1%          4
h - Flame Wave            Conj/Fire      37%        2d10      1%          4
i - Starburst             Conj/Fire      18%        6d7       2%          6

Your spell library contained the following spells:

 Spells                   Type           Power      Damage    Failure   Level
 Iron Shot                Conj/Erth      18%        9d4       2%          6
 Apportation              Tloc           74%        N/A       1%          1
 Foxfire                  Conj/Fire      100%       2x1d9     1%          1
 Necrotise                Necr           100%       1d9       1%          1
 Summon Small Mammal      Summ           100%       N/A       1%          1
 Cigotuvi's Dreadful Rot  Necr/Pois/Air  74%        N/A       1%          2
 Passwall                 Tmut/Erth      30%        N/A       1%          2
 Static Discharge         Conj/Air       74%        2-6/arc   1%          2
 Sublimation of Blood     Necr           37%        N/A       1%          2
 Wereblood                Tmut           37%        N/A       1%          2
 Inner Flame              Hex/Fire       37%        N/A       1%          3
 Portal Projectile        Hex/Tloc       74%        N/A       1%          3
 Tukima's Dance           Hex            37%        N/A       1%          3
 Vhi's Electric Charge    Tloc/Air       74%        N/A       1%          3
 Airstrike                Air            18%        2d(3-19)  1%          4
 Animate Armour           Summ/Erth      74%        N/A       1%          4
 Iskenderun's Mystic Bla  Conj/Tloc      37%        2d9       1%          4
 Summon Lightning Spire   Summ/Air       37%        N/A       1%          4
 Arcjolt                  Conj/Air       18%        1d28      1%          5
 Blade Hands              Tmut           18%        N/A       1%          5
 Summon Forest            Summ/Tloc      18%        N/A       1%          5
 Summon Mana Viper        Hex/Summ       37%        N/A       1%          5
 Plasma Beam              Fire/Air       18%        2x1d33    2%          6
 Summon Cactus Giant      Summ           18%        N/A       9%          6
 Summon Hydra             Summ           18%        N/A       43%         7


Dungeon Overview and Level Annotations

Branches:
Dungeon (11/15)            Temple (1/1) D:5            Lair (5/5) D:8
  Swamp (0/4) Lair:3       Spider (0/4) Lair:3        Slime (0/5) Lair:5
    Orc (2/2) D:11            Elf (0/3) Orc:2         Sewer (visited)
Ossuary (visited)         Volcano (1/1)

Altars:
Ashenzari
Cheibriados
Dithmenos
Elyvilon
Fedhas
Gozag
Hepliaklqana
Kikubaaqudgha
Makhleb
Nemelex Xobeh
Okawaru
Qazlal
Ru
Sif Muna
Trog
Uskayaw
Vehumet
Wu Jian
Xom
Yredelemnul
Zin
The Shining One

Shops:
D:1 =[?   D:5 (   D:7 *   D:11 (

Annotations:
Lair:5 1 runed translucent door


Innate Abilities, Weirdness & Mutations

You have very sharp teeth.
Your uncanny sense of smell can sniff out nearby items.
Your experience applies equally to all skills.
You possess an exceptional clarity of mind.
Your mind is acute. (Int +4, Str/Dex -1)
Your flesh is cold resistant. (rC+)
Your spells are a little easier to cast, but a little less powerful.


Message History

The two-headed ogre is engulfed in freezing vapours.
The salamander is engulfed in freezing vapours.
The two-headed ogre is engulfed in freezing vapours.
The hell hog breathes fire at you.
The fireball explodes!
The fireball engulfs you!!
* * * LOW HITPOINT WARNING * * *
You are engulfed in a cloud of scalding steam.
You are engulfed in a cloud of scalding steam.
* * * LOW HITPOINT WARNING * * *
The fire bat attacks as you move away!
The fire bat bites you but does no damage.
The fire bat barely misses you.
Your magical contamination has completely faded away.
The fire bat attacks as you move away!
The fire bat bites you but does no damage.
The fire bat misses you.
Casting: Freezing Cloud (mildly dangerous; 1% risk of failure)
Confirm with . or Enter, or press ? or * to list all spells.
Aiming: Freezing Cloud (mildly dangerous; 1% risk of failure)
Press: ? - help, Dir - move target, f - hell hog, p - salamander
Aim: a hell hog (heavily wounded)
The hell hog is engulfed in freezing vapours.
The fire bat completely misses you.
The salamander is engulfed in freezing vapours. x2
You kill the salamander!
Vehumet accepts your kill.
You feel your power returning.
You hear a splash.
The hell hog is engulfed in freezing vapours.
The hell hog breathes fire at you.
The fireball explodes!
The fireball engulfs the fire bat.
The fire bat completely resists.
The fireball engulfs you!
* * * LOW HITPOINT WARNING * * *
The fire bat bites you but does no damage.
You shoot a bolt. The bolt closely misses the fire bat.
You are engulfed in a cloud of scalding steam.
The fire bat bites you but does no damage. x2
You shoot a bolt. The bolt misses the fire bat.
You are engulfed in a cloud of scalding steam.
You die...

^+ ∆∆∆#.~.≈≈≈≈≈≈
^# ∆∆∆#.~~≈≈≈≈≈≈≈#
.## ##.~.≈≈≈≈≈≈≈#
..####...~~≈≈≈≈≈≈#
.........~≈≈≈≈≈≈≈#
..####..~~≈≈≈≈≈≈≈#
.##.b##...≈≈≈≈≈≈≈#
§#..).#..h~≈≈≈§§§#
.#...!'.ON≈≈≈≈≈§@#
§#....#..≈≈≈≈≈§b≈#
.##!N##..~≈≈≈≈§§≈#
..####..~≈≈≈≈≈≈≈≈#
........~~≈≈≈≈≈≈≈#
.........≈≈≈≈≈≈≈≈#
#.######~≈≈≈≈≈≈≈≈#
##+ ≈≈~≈≈≈≈≈≈≈#
≈≈≈≈≈≈≈≈≈


You could see a salamander, a hell hog (catching breath) and a fire bat.

Vanquished Creatures
  A fire dragon (Lair:5)
  An ice dragon (Lair:5)
  4 hydras
  A catoblepas (Lair:5)
  3 two-headed ogres
  8 death yaks (Lair:5)
  A hell hog (Volcano)
  Amaemon (Lair:3)
  Nergalle (Orc:1)
  3 lindwurms
  A swamp dragon (Lair:5)
  A bog body (Lair:3)
  A wizard (D:10)
  Pikel (D:8)
  2 orc sorcerers
  3 salamanders (Volcano)
  20 elephants
  2 manticores (D:6)
  2 cyclopes (D:11)
  A black mamba (Lair:4)
  Maurice (D:10)
  A gargoyle (D:11)
  Joseph (D:7)
  An orange demon (Lair:3)
  5 torpor snails (Lair:5)
  10 cane toads
  A kobold demonologist (D:10)
  An unseen horror (D:10)
  5 rime drakes
  9 komodo dragons
  3 polar bears
  4 tyrant leeches (Lair:5)
  5 large abominations (D:10)
  7 hornets (Lair:5)
  14 blink frogs
  Prince Ribbit (D:6)
  7 dream sheep
  58 yaks
  7 wyverns
  7 basilisks
  2 shadows
  A fire bat (Volcano)
  4 hogs (D:10)
  A human (D:10)
  4 steam dragons
  2 wargs
  2 acid dragons
  17 water moccasins
  2 hornet zombies (D:6)
  An ice beast (D:6)
  5 orc warriors
  A swamp drake (Lair:5)
  4 black bears
  Pargi (Sewer)
  4 sky beasts
  2 ogres
  9 wolves
  2 centaurs (D:6)
  3 phantoms
  3 kobold brigands
  8 bullfrogs
  A gnoll sergeant (D:6)
  2 necrophages (D:6)
  A wyvern zombie (D:6)
  6 scorpions
  2 water moccasin zombies
  6 wights
  6 killer bees (D:7)
  10 howler monkeys
  7 small abominations (D:10)
  7 bullfrog zombies
  5 centaur zombies
  2 hounds
  A human zombie (D:6)
  12 orc priests
  2 gnoll boudas
  3 jellies
  Crazy Yiuf (D:5)
  2 sleepcaps
  10 iguanas
  25 orc wizards
  6 hell rats (Lair:2)
  5 killer bee zombies
  21 mummies
  Robin (D:2)
  A howler monkey zombie (Ossuary)
  12 gnolls
  A river rat (D:6)
  8 adders
  A shadow imp (D:5)
  2 white imps (D:5)
  3 ufetubi
  6 worms
  A dart slug (D:2)
  52 orcs
  9 ball pythons
  12 endoplasms
  4 giant cockroaches
  17 goblins
  11 hobgoblins
  3 jackals (D:4)
  19 kobolds
  5 quokkas
  5 bats (D:1)
  15 frilled lizards
  A goblin zombie (D:5)
  2 jackal zombies (D:5)
  4 rats
  A butterfly (Lair:2)
623 creatures vanquished.

Vanquished Creatures (collateral kills)
  Erica (D:8)
  2 howler monkeys (D:8)
  5 foxfires
8 creatures vanquished.

Vanquished Creatures (others)
  A black mamba (Lair:3)
  A troll (D:8)
  A blink frog (Lair:1)
  2 basilisks (D:8)
  A water moccasin (D:8)
  An orc warrior (D:8)
  4 wolves (Lair:3)
  3 wights
  An iguana (Lair:5)
  945 foxfires
960 creatures vanquished.

Grand Total: 1591 creatures vanquished

Notes
Turn   | Place    | Note
-------+----------+-------------------------------------------
     0 | D:1      | GimliDwarf the Gnoll Wanderer began the quest for the Orb.
     0 | D:1      | GimliDwarf set off with the following items: a +0 dagger, a
                  | scroll of vulnerability, a scroll of teleportation, a +0
                  | robe, a wand of flame (18); and the following spell
                  | memorised: Foxfire; and the following spells available to
                  | memorise: Ignite Poison.
     0 | D:1      | Reached XP level 1. HP: 20/20 MP: 6/6
     6 | D:1      | Found Anics's Armour Boutique.
   125 | D:1      | Reached XP level 2. HP: 26/26 MP: 5/7
   456 | D:1      | Found Sirrotwy's Jewellery Emporium.
   533 | D:1      | Reached skill level 5 in Spellcasting
   533 | D:1      | Reached XP level 3. HP: 28/31 MP: 7/9
   846 | D:1      | Reached skill level 1 in Invocations
  1034 | D:1      | Found Ceevvuw's Magic Scroll Boutique.
  1156 | D:2      | Noticed Robin
  1176 | D:2      | Reached skill level 1 in Short Blades
  1176 | D:2      | Reached skill level 1 in Long Blades
  1176 | D:2      | Reached skill level 1 in Axes
  1176 | D:2      | Reached skill level 1 in Maces & Flails
  1176 | D:2      | Reached skill level 1 in Polearms
  1176 | D:2      | Reached skill level 1 in Staves
  1176 | D:2      | Reached skill level 1 in Ranged Weapons
  1176 | D:2      | Reached skill level 1 in Throwing
  1176 | D:2      | Reached skill level 1 in Armour
  1176 | D:2      | Reached skill level 1 in Stealth
  1176 | D:2      | Reached skill level 1 in Shields
  1176 | D:2      | Reached skill level 1 in Unarmed Combat
  1381 | D:2      | Killed Robin
  1382 | D:2      | Reached XP level 4. HP: 38/38 MP: 4/11
  2065 | D:3      | Reached skill level 1 in Conjurations
  2065 | D:3      | Reached skill level 1 in Hexes
  2065 | D:3      | Reached skill level 1 in Summonings
  2065 | D:3      | Reached skill level 1 in Necromancy
  2065 | D:3      | Reached skill level 1 in Translocations
  2065 | D:3      | Reached skill level 1 in Transmutations
  2065 | D:3      | Reached skill level 1 in Fire Magic
  2065 | D:3      | Reached skill level 1 in Ice Magic
  2065 | D:3      | Reached skill level 1 in Air Magic
  2065 | D:3      | Reached skill level 1 in Earth Magic
  2065 | D:3      | Reached skill level 1 in Poison Magic
  2150 | D:3      | Found a burning altar of Makhleb.
  2410 | D:3      | Reached XP level 5. HP: 29/43 MP: 6/12
  2568 | D:3      | Found an opulent altar of Gozag.
  3177 | D:4      | Reached XP level 6. HP: 43/50 MP: 10/14
  3281 | D:4      | Identified the +2 robe of Vaf Afeh {MP+9}
  3426 | D:4      | Reached skill level 5 in Fighting
  3426 | D:4      | Reached skill level 5 in Dodging
  3718 | D:4      | Noticed a black bear
  3750 | D:4      | Killed a black bear
  4422 | D:5      | Entered Level 5 of the Dungeon
  4422 | D:5      | Found Miacedghi's Weapon Emporium.
  4469 | D:5      | Reached XP level 7. HP: 33/56 MP: 15/15
  4516 | D:5      | Found a sand-covered staircase.
  4533 | Ossuary  | Entered an ossuary
  4615 | Ossuary  | Reached skill level 9 in Evocations
  4835 | Ossuary  | Reached XP level 8. HP: 54/63 MP: 16/16
  5313 | D:5      | Found a staircase to the Ecumenical Temple.
  5347 | Temple   | Entered the Ecumenical Temple
  5390 | Temple   | Became a worshipper of Vehumet
  5451 | D:5      | Found a runed translucent door.
  5452 | D:5      | Noticed Crazy Yiuf
  5464 | D:5      | Killed Crazy Yiuf
  5873 | D:5      | Found a shimmering altar of Xom.
  6124 | D:5      | Reached * piety under Vehumet
  6124 | D:5      | Offered knowledge of Kiss of Death by Vehumet.
  6129 | D:5      | Reached XP level 9. HP: 35/69 MP: 18/18
  7197 | D:1      | Bought the ring of the Rose {MP+9 Stlth+} for 387 gold
                  | pieces
  7405 | D:6      | Found a glowing drain.
  7421 | D:6      | Offered knowledge of Scorch by Vehumet.
  7421 | D:6      | Reached ** piety under Vehumet
  7432 | Sewer    | Entered a sewer
  7436 | Sewer    | Learned a level 2 spell: Scorch
  7512 | Sewer    | Noticed Pargi
  7521 | Sewer    | Killed Pargi
  7648 | D:6      | Noticed a two-headed ogre
  7652 | D:6      | Killed a two-headed ogre
  7653 | D:6      | Reached skill level 5 in Invocations
  7979 | D:6      | Reached skill level 5 in Short Blades
  7979 | D:6      | Reached skill level 5 in Long Blades
  7979 | D:6      | Reached skill level 5 in Axes
  7979 | D:6      | Reached skill level 5 in Maces & Flails
  7979 | D:6      | Reached skill level 5 in Polearms
  7979 | D:6      | Reached skill level 5 in Staves
  7979 | D:6      | Reached skill level 5 in Ranged Weapons
  7979 | D:6      | Reached skill level 5 in Throwing
  7979 | D:6      | Reached skill level 5 in Armour
  7979 | D:6      | Reached skill level 5 in Stealth
  7979 | D:6      | Reached skill level 5 in Shields
  7979 | D:6      | Reached skill level 5 in Unarmed Combat
  7979 | D:6      | Reached XP level 10. HP: 66/77 MP: 20/20
  8247 | D:6      | Reached skill level 10 in Evocations
  8307 | D:6      | Paralysed by an orc for 5 turns
  8486 | D:6      | Noticed Prince Ribbit
  8503 | D:6      | Offered knowledge of Inner Flame by Vehumet.
  8506 | D:6      | Killed Prince Ribbit
  8799 | D:6      | Noticed a manticore
  8880 | D:6      | Learned a level 2 spell: Cigotuvi's Dreadful Rot
  8884 | D:6      | Learned a level 3 spell: Ignite Poison
  8901 | D:6      | Killed a manticore
  9244 | D:6      | Noticed a manticore
  9310 | D:6      | Killed a manticore
  9739 | D:6      | Found an ancient bone altar of Kikubaaqudgha.
  9747 | D:6      | Reached *** piety under Vehumet
  9803 | D:7      | Noticed Joseph
  9967 | D:7      | Learned a level 3 spell: Call Canine Familiar
  9971 | D:7      | Learned a level 3 spell: Summon Guardian Golem
  9977 | D:7      | Learned a level 5 spell: Freezing Cloud
 10001 | D:7      | Killed Joseph
 10118 | D:7      | Noticed a two-headed ogre
 10130 | D:7      | Killed a two-headed ogre
 10131 | D:7      | Reached skill level 5 in Conjurations
 10131 | D:7      | Reached skill level 5 in Hexes
 10131 | D:7      | Reached skill level 5 in Summonings
 10131 | D:7      | Reached skill level 5 in Necromancy
 10131 | D:7      | Reached skill level 5 in Translocations
 10131 | D:7      | Reached skill level 5 in Transmutations
 10131 | D:7      | Reached skill level 5 in Fire Magic
 10131 | D:7      | Reached skill level 5 in Ice Magic
 10131 | D:7      | Reached skill level 5 in Air Magic
 10131 | D:7      | Reached skill level 5 in Earth Magic
 10131 | D:7      | Reached skill level 5 in Poison Magic
 10131 | D:7      | Reached XP level 11. HP: 55/85 MP: 23/23
 10800 | D:7      | Got the Encyclopedia of Dimensional Excavation
 10854 | D:7      | Offered knowledge of Sticky Flame by Vehumet.
 10860 | D:7      | Learned a level 4 spell: Sticky Flame
 10937 | D:7      | Found Ycsuq's CLEARANCE SALE!.
 10940 | D:7      | Bought a ring of wizardry for 180 gold pieces
 11138 | D:8      | Noticed Pikel
 11144 | D:8      | Killed Pikel
 11319 | D:8      | HP: 1/83 [wight/+0 battleaxe (7)]
 11570 | D:8      | Noticed Erica
 12356 | D:8      | Killed Erica
 12531 | D:8      | Found a snail-covered altar of Cheibriados.
 12776 | D:8      | Found a staircase to the Lair.
 12896 | Lair:1   | Entered Level 1 of the Lair of Beasts
 13216 | Lair:1   | Reached **** piety under Vehumet
 13217 | Lair:1   | Reached skill level 11 in Evocations
 13579 | Lair:1   | Offered knowledge of Lee's Rapid Deconstruction by Vehumet.
 13759 | Lair:1   | Reached XP level 12. HP: 94/94 MP: 24/24
 15026 | Lair:2   | Noticed an eight-headed hydra
 15033 | Lair:2   | Killed an eight-headed hydra
 15162 | Lair:2   | Identified the +0 scale mail "Seodd" {Harm rElec rN+ Str+3}
 15753 | Lair:3   | Reached ***** piety under Vehumet
 15754 | Lair:3   | Offered knowledge of Ozocubu's Refrigeration by Vehumet.
 16001 | Lair:3   | Reached XP level 13. HP: 101/101 MP: 26/26
 16057 | Lair:3   | Found a staircase to the Swamp.
 16207 | Lair:3   | Noticed Amaemon
 16310 | Lair:3   | Found a hole to the Spider Nest.
 16340 | Lair:3   | Killed Amaemon
 16625 | Lair:3   | Learned a level 4 spell: Flame Wave
 16946 | Lair:4   | Reached skill level 12 in Evocations
 16953 | Lair:4   | Reached skill level 10 in Spellcasting
 17205 | Lair:4   | Reached skill level 10 in Fighting
 17205 | Lair:4   | Reached skill level 10 in Dodging
 17569 | Lair:4   | Identified the +0 pair of boots "Nutot" {Fly}
 17624 | Lair:5   | Entered Level 5 of the Lair of Beasts
 17672 | Lair:5   | Offered knowledge of Starburst by Vehumet.
 17716 | Lair:4   | Learned a level 6 spell: Starburst
 18064 | Lair:5   | Reached skill level 10 in Invocations
 18064 | Lair:5   | Reached XP level 14. HP: 83/110 MP: 28/28
 19045 | Lair:5   | Found a runed translucent door.
 19045 | Lair:5   | Noticed an acid blob
 19046 | Lair:5   | Found a staircase to the Slime Pits.
 19046 | Lair:5   | Noticed an acid blob
 19151 | Lair:5   | Found a runed translucent door.
 20145 | Lair:5   | Offered knowledge of Irradiate by Vehumet.
 21333 | D:9      | Found the +16 obsidian axe {drain, demonic, Mesm Drain Fly
                  | SInv}
 21929 | D:9      | Found a stormy altar of Qazlal.
 22256 | D:9      | Found a hazy altar of Hepliaklqana.
 22409 | D:9      | Gained mutation: Your spells are a little harder to cast,
                  | but a little more powerful. [potion of mutation]
 22410 | D:9      | Lost mutation: Your spells are a little harder to cast, but
                  | a little more powerful. [potion of mutation]
 22410 | D:9      | Gained mutation: You are clumsy. (Dex -2) [potion of
                  | mutation]
 22410 | D:9      | Gained mutation: Your flesh is cold resistant. (rC+)
                  | [potion of mutation]
 22410 | D:9      | Gained mutation: Your mind is acute. (Int +4, Str/Dex -1)
                  | [potion of mutation]
 22410 | D:9      | Gained mutation: You possess an exceptional clarity of
                  | mind. [potion of mutation]
 22411 | D:9      | Lost mutation: Your flesh is cold resistant. (rC+) [potion
                  | of mutation]
 22411 | D:9      | Lost mutation: You are clumsy. (Dex -2) [potion of
                  | mutation]
 22411 | D:9      | Gained mutation: Your body sometimes deteriorates upon
                  | taking damage. [potion of mutation]
 22411 | D:9      | Gained mutation: Your spells are a little easier to cast,
                  | but a little less powerful. [potion of mutation]
 22411 | D:9      | Gained mutation: You are strong-willed. (Will+) [potion of
                  | mutation]
 22412 | D:9      | Lost mutation: Your body sometimes deteriorates upon taking
                  | damage. [potion of mutation]
 22412 | D:9      | Lost mutation: You are strong-willed. (Will+) [potion of
                  | mutation]
 22412 | D:9      | Gained mutation: Your flesh is cold resistant. (rC+)
                  | [potion of mutation]
 22414 | D:10     | Entered Level 10 of the Dungeon
 22721 | D:10     | Reached skill level 10 in Short Blades
 22721 | D:10     | Reached skill level 10 in Long Blades
 22721 | D:10     | Reached skill level 10 in Axes
 22721 | D:10     | Reached skill level 10 in Maces & Flails
 22721 | D:10     | Reached skill level 10 in Polearms
 22721 | D:10     | Reached skill level 10 in Staves
 22721 | D:10     | Reached skill level 10 in Ranged Weapons
 22721 | D:10     | Reached skill level 10 in Throwing
 22721 | D:10     | Reached skill level 10 in Armour
 22721 | D:10     | Reached skill level 10 in Stealth
 22721 | D:10     | Reached skill level 10 in Shields
 22721 | D:10     | Reached skill level 10 in Unarmed Combat
 22741 | D:10     | Noticed Maurice
 22745 | D:10     | Killed Maurice
 22763 | D:10     | You fall into a shaft and drop 1 floor!
 22846 | D:10     | Reached skill level 13 in Evocations
 23183 | D:10     | Learned a level 5 spell: Irradiate
 23355 | D:10     | Reached XP level 15. HP: 103/103 MP: 30/30
 23712 | D:10     | Identified the +0 pair of boots of Complete Protection
                  | {rC++}
 23897 | D:11     | Found a shimmering altar of Xom.
 24163 | D:11     | Found Fiyj's Weapon Shoppe.
 24187 | D:11     | Identified the +1 robe of Ashrot {Regen+ Int-5 Slay+3
                  | Archmagi}
 24310 | D:11     | Found a staircase to the Orcish Mines.
 24457 | Orc:1    | Entered Level 1 of the Orcish Mines
 24486 | Orc:1    | Noticed Nergalle
 24740 | Orc:1    | Killed Nergalle
 24921 | Orc:1    | Offered knowledge of Iron Shot by Vehumet.
 25085 | Orc:2    | Entered Level 2 of the Orcish Mines
 25138 | Orc:2    | Found a dark tunnel.
 25146 | Volcano  | Entered a volcano
 25170 | Volcano  | HP: 4/119 [salamander/+3 halberd (14)]
 25517 | Volcano  | HP: 3/119 [hell hog/fireball (15)]
 25519 | Volcano  | Engulfed by a hell hog's steam

Illustrated notes

Levels and vault maps discovered:
D:1:      enne_arrival_octagon_isle, layout_loops_ring, serial_shops,
          nicolae_shop_trees, nicolae_shop_rolled_up,
          nicolae_shop_rolling_square, serial_bayou, serial_bayou_crossing,
          serial_bayou_pond_a, serial_bayou_pond_c, serial_bayou_pond_e,
          serial_bayou_pond_e, serial_bayou_shore_a, minmay_lizard_king
D:2:      layout_basic, uniq_robin
D:3:      layout_loops_ring, nicolae_gozag_seed_capital, lemuel_tele_altar
D:4:      layout_gridville
D:5:      minmay_polygon_palace, layout_loops_ring, old_standard_altar,
          minmay_temple_entry_large_hall, enter_ossuary_3, serial_shops,
          nicolae_stop_n_shop_1, uniq_crazy_yiuf_cottage
D:6:      minmay_chambers_of_fours, layout_cave_pools,
          lemuel_mausoleum_altar_kikubaaqudgha, portal_sewer_entry_a,
          hangedman_decor_push, uniq_prince_ribbit1
D:7:      layout_layer_cave, minmay_misc_feat_ornament, nicolae_shop_clearance,
          uniq_joseph
D:8:      layout_basic, cheibrodos_worm_habitat, erik_lair_dragon, uniq_pikel,
          uniq_erica
D:9:      layout_loops_corners, kennysheep_little_box,
          mainiacjoe_overflow_six_doors_small
D:10:     cheibrodos_wizards_tower, layout_loops_corners, grunt_livestock,
          laboratory, uniq_maurice
D:11:     layout_loops_ring, orc_0_dummy, serial_shops,
          nicolae_shop_window_shopping, xom_teletrap_fun
Temple:   minmay_freezing_vapour_temple
Lair:1:   layout_cave_pods
Lair:2:   layout_cave_pods, beast_lair_carwin_5, lemuel_fruit_fields,
          lemuel_fruit_tree
Lair:3:   layout_loops_ring, skrybe_swamp_entry_bodies,
          spider_nest_entry_web_field, serial_bayou_shore_b, grunt_megastairs_3,
          uniq_amaemon
Lair:4:   layout_big_grid
Lair:5:   guppyfry_lair_end_dragon, layout_regular_city, wormcave,
          slime_entry_2, grunt_megastairs_2
Orc:1:    layout_caves, mines4_lemuel, uniq_nergalle
Orc:2:    st_orc_mages, layout_diamond_mine, gauntlet_entry_generic,
          lightli_volcano_entry_magma_tube, guppyfry_library_mini
Volcano:  volcano_village

Skill      XL: |  1  2  3  4  5  6  7  8  9 10 11 12 13 14 15 |
---------------+----------------------------------------------+-----
Spellcasting   | 5 6 7 8 9 10 11 | 11.4
Invocations    | 1 2 3 4 5 6 7 8 10 11 | 11.2
Short Blades   | 1 2 3 5 6 7 8 9 10 | 10.3
Long Blades    | 1 2 3 5 6 7 8 9 10 | 10.3
Axes           | 1 2 3 5 6 7 8 9 10 | 10.3
Maces & Flails | 1 2 3 5 6 7 8 9 10 | 10.3
Polearms       | 1 2 3 5 6 7 8 9 10 | 10.3
Staves         | 1 2 3 5 6 7 8 9 10 | 10.3
Ranged Weapons | 1 2 3 5 6 7 8 9 10 | 10.3
Throwing       | 1 2 3 5 6 7 8 9 10 | 10.3
Armour         | 1 2 3 5 6 7 8 9 10 | 10.3
Stealth        | 1 2 3 5 6 7 8 9 10 | 10.3
Shields        | 1 2 3 5 6 7 8 9 10 | 10.3
Unarmed Combat | 1 2 3 5 6 7 8 9 10 | 10.3
Conjurations   | 1 2 3 4 5 6 7 8 |  8.6
Hexes          | 1 2 3 4 5 6 7 8 |  8.6
Summonings     | 1 2 3 4 5 6 7 8 |  8.6
Necromancy     | 1 2 3 4 5 6 7 8 |  8.6
Translocations | 1 2 3 4 5 6 7 8 |  8.6
Transmutations | 1 2 3 4 5 6 7 8 |  8.6
Fire Magic     | 1 2 3 4 5 6 7 8 |  8.6
Ice Magic      | 1 2 3 4 5 6 7 8 |  8.6
Air Magic      | 1 2 3 4 5 6 7 8 |  8.6
Earth Magic    | 1 2 3 4 5 6 7 8 |  8.6
Poison Magic   | 1 2 3 4 5 6 7 8 |  8.6
Fighting       | 5 6 7 8 9 10 11 | 11.3
Dodging        | 5 6 7 8 9 10 11 | 11.3
Evocations     | 9 10 11 12 13 | 13.2

Action                     |  1- 3 |  4- 6 |  7- 9 | 10-12 | 13-15 || total
---------------------------+-------+-------+-------+-------+-------++-------
  Melee: Dagger            |    67 |   103 |   307 |   108 |       ||   585
         Bite              |     5 |    11 |    49 |    36 |    46 ||   147
         Punch             |       |     2 |    12 |    17 |    20 ||    51
         Falchion          |       |       |       |   216 |   200 ||   416
         Broad axe         |       |       |       |       |    18 ||    18
         Mace              |       |       |       |       |     2 ||     2
   Fire: Arbalest          |       |       |       |       |   157 ||   157
   Cast: Foxfire           |    39 |    64 |   239 |   190 |     5 ||   537
         Scorch            |       |       |       |    41 |    23 ||    64
         Freezing Cloud    |       |       |       |    51 |   126 ||   177
         Summon Guardian G |       |       |       |    14 |       ||    14
         Call Canine Famil |       |       |       |    13 |       ||    13
         Cigotuvi's Dreadf |       |       |       |     1 |       ||     1
         Sticky Flame      |       |       |       |    11 |    14 ||    25
         Irradiate         |       |       |       |       |     4 ||     4
  Evoke: Wand              |       |       |       |    10 |     3 ||    13
    Use: Scroll            |       |     6 |    14 |     5 |    12 ||    37
         Potion            |       |       |       |     1 |     8 ||     9
   Stab: Sleeping          |       |     7 |     4 |     7 |     4 ||    22
         Distracted        |       |       |     1 |     1 |       ||     2
 Armour: Robe              |    31 |    37 |   100 |   181 |   102 ||   451
  Dodge: Dodged            |    69 |    69 |   383 |   451 |   220 ||  1192
